 Dungeon Crawl Stone Soup version 0.21-a0-201-g8501b10 (console) character file.

13692669 Slowdrip the Middleweight Champion (level 27, 273/273 HPs)
             Began as a Ghoul Artificer on Aug 18, 2017.
             Was a Follower of Uskayaw.
             Escaped with the Orb
             ... and 15 runes on Aug 19, 2017!
             The game lasted 15:03:34 (117090 turns).

Slowdrip the Middleweight Champion (GhAr)         Turns: 117090, Time: 15:03:35

Health: 273/273    AC: 47    Str: 29    XL:     27
Magic:  39/39      EV: 31    Int: 11    God:    Uskayaw [*.....]
Gold:   12972      SH: 38    Dex: 22    Spells: 4/26 levels left

rFire    + + +     SeeInvis +   b - +7 sceptre of Torment
rCold    + + +     Gourm    .   g - +10 large shield of Ignorance {rN+ Int-4}
rNeg     + + +     Faith    .   s - +5 crystal plate armour "Bifyom" {Stlth+}
rPois    ∞         Spirit   .   w - +0 mask of the Dragon {MR+ Slay+3 SInv}
rElec    +         Reflect  .   E - +1 cloak of Starlight {rElec rC+ EV+4 Stlth--}
rCorr    .         Harm     .   A - +2 pair of gloves {Dex+3}
MR       +++++                  v - +2 pair of boots of the Heron {Str+3 Int+4}
Stlth    ..........             I - amulet of Naxoruur {+Rage Str+2 Slay+5}
HPRegen  0.55/turn              G - ring of the Everdark {rC+ MR+ Dex+3}
MPRegen  0.26/turn              q - ring "Baisag" {rPois rF+++ MR+ Str-3 SInv}

@: mighty, brilliant, rotting, hasted, very quick
A: rotting body, claws 1, carnivore 3, cold resistance 1, negative energy
resistance 3, inhibited regeneration, torment resistance, unbreathing
0: Orb of Zot
}: 15/15 runes: barnacled, slimy, silver, golden, iron, obsidian, icy, bone,
abyssal, demonic, glowing, magical, fiery, dark, gossamer
a: Stomp, Renounce Religion


You escaped.
You worshipped Uskayaw.
Uskayaw was exalted by your worship.
You were not hungry.

You visited 17 branches of the dungeon, and saw 89 of its levels.
You visited Pandemonium 1 time, and saw 40 of its levels.
You visited the Abyss 1 time.
You visited 1 ziggurat, and saw 10 of its levels.
You also visited: Trove, Bailey and Ice Cave.

You collected 16857 gold pieces.
You spent 3885 gold pieces at shops.

Inventory:

Hand Weapons
 b - the +7 sceptre of Torment (weapon)
   (You found it on level 3 of the Crypt)
 c - a +9 hand crossbow of flaming
 W - the +4 staff of Dispater
   (You took it off Dispater on level 7 of the Iron City of Dis)
Missiles
 L - 2062 bolts
Armour
 g - the +10 large shield of Ignorance (worn) {rN+ Int-4}
   (You took it off Louise on level 1 of the Shoals)

   It affects your intelligence (-4).
   It protects you from negative energy.
 o - the +5 shield of the Game Afoot {rCorr SInv}
   (You bought it in a shop on level 5 of the Dungeon)

   It lets you see invisible.
   It protects you from acid and corrosion.
 s - the +5 crystal plate armour "Bifyom" (worn) {Stlth+}
   (You found it in a treasure trove)

   It makes you more stealthy.
 v - the +2 pair of boots of the Heron (worn) {Str+3 Int+4}
   (You bought it in a shop on level 5 of the Dungeon)

   It affects your strength (+3).
   It affects your intelligence (+4).
 w - the +0 mask of the Dragon (worn) {MR+ Slay+3 SInv}
   (You found it in a treasure trove)

   It affects your accuracy and damage with ranged weapons and melee attacks
   (+3).
   It affects your resistance to hostile enchantments.
   It lets you see invisible.
 A - a +2 pair of gloves of dexterity (worn)
 E - the +1 cloak of Starlight (worn) {rElec rC+ EV+4 Stlth--}
   (You bought it in a shop on level 2 of the Elven Halls)

   It affects your evasion (+4).
   It protects you from cold.
   It insulates you from electricity.
   It makes you much less stealthy.
 M - the scarf of Hainuerch {rF++ rC- Slay+2 Stlth+}
   (You bought it in a shop on level 5 of the Dungeon)

   It affects your accuracy and damage with ranged weapons and melee attacks
   (+2).
   It greatly protects you from fire.
   It makes you vulnerable to cold.
   It makes you more stealthy.
Jewellery
 d - the amulet of Odusehio {Faith +Blink rC+}
   (You found it on level 1 of the Depths)

   [amulet of faith]

   It allows you to gain divine favour quickly.
   It protects you from cold.
   It lets you blink.
 h - an uncursed ring of resist corrosion
 j - the amulet "Duezepaar" {rElec rPois rC- Regen+ Dex+5}
   (You found it on level 7 of Tartarus)

   [amulet of regeneration]

   It affects your dexterity (+5).
   It makes you vulnerable to cold.
   It insulates you from electricity.
   It protects you from poison.
   It increases your rate of regeneration.
 q - the ring "Baisag" (right hand) {rPois rF+++ MR+ Str-3 SInv}
   (You took it off an ogre mage on level 1 of the Depths)

   [ring of protection from magic]

   It affects your strength (-3).
   It renders you almost immune to fire.
   It protects you from poison.
   It affects your resistance to hostile enchantments.
   It lets you see invisible.
 B - the amulet "Wetupnot" {Reflect Int+4 SH+5}
   (You took it off a deep elf high priest on level 2 of the Depths)

   [amulet of reflection]

   It shields you and reflects attacks.
   It affects your intelligence (+4).
   It affects your SH (+5).
 D - the ring of Horeimum {*Slow +Fly rC+ MR+ Str+8}
   (You bought it in a shop on level 2 of the Orcish Mines)

   [ring of flight]

   It affects your strength (+8).
   It protects you from cold.
   It affects your resistance to hostile enchantments.
   It lets you fly.
   It may slow you when you take damage.
 G - the ring of the Everdark (left hand) {rC+ MR+ Dex+3}
   (You took it off an angel in Pandemonium)

   [ring of protection from magic]

   It affects your dexterity (+3).
   It protects you from cold.
   It affects your resistance to hostile enchantments.
 I - the amulet of Naxoruur (around neck) {+Rage Str+2 Slay+5}
   (You found it on level 3 of the Elven Halls)

   [amulet of rage]

   It affects your strength (+2).
   It affects your accuracy and damage with ranged weapons and melee attacks
   (+5).
   It lets you go berserk.
 N - a +6 ring of protection
 O - the ring of the Coward {+Blink rF- MR+ Dex+3 Stlth+}
   (You acquired it on level 5 of the Lair of Beasts)

   [ring of dexterity]

   It affects your dexterity (+3).
   It makes you vulnerable to fire.
   It affects your resistance to hostile enchantments.
   It lets you blink.
   It makes you more stealthy.
 R - the ring "Uczoisuh" {*Tele rPois rF- Str+6 Slay+3}
   (You found it on level 3 of the Tomb of the Ancients)

   [ring of teleportation]

   It may teleport you next to monsters.
   It affects your strength (+6).
   It affects your accuracy and damage with ranged weapons and melee attacks
   (+3).
   It makes you vulnerable to fire.
   It protects you from poison.
 U - the ring "Beysem" {Fire Slay+3}
   (You found it on level 4 of the Spider Nest)

   [ring of fire]

   It enhances your fire magic.
   It affects your accuracy and damage with ranged weapons and melee attacks
   (+3).
   It protects you from fire.
   It makes you vulnerable to cold.
 V - the ring "Acirabouh" {rPois rF+ rC- Int+5 Slay+2}
   (You found it on level 8 of a ziggurat)

   [ring of protection from fire]

   It affects your intelligence (+5).
   It affects your accuracy and damage with ranged weapons and melee attacks
   (+2).
   It protects you from fire.
   It makes you vulnerable to cold.
   It protects you from poison.
 Y - the ring "Zetuar" {Wiz rElec rF++ rC+ MP-9}
   (You took it off a tengu reaver on level 2 of the Depths)

   [ring of wizardry]

   It improves your spell success rate.
   It greatly protects you from fire.
   It protects you from cold.
   It insulates you from electricity.
   It affects your magic capacity (-9).
Wands
 t - a wand of digging (15/24)
 Q - a wand of scattershot (7/9)
Scrolls
 e - 33 scrolls of teleportation
 k - 28 scrolls of identify
 l - 48 scrolls of remove curse
 p - 7 scrolls of recharging
 r - a scroll of magic mapping
 x - 14 scrolls of blinking
 y - 18 scrolls of fog
 C - 5 scrolls of summoning
 J - 5 scrolls of acquirement
 P - 11 scrolls of fear
 T - 3 scrolls of silence
Potions
 a - 7 potions of might
 m - 19 potions of curing
 F - 7 potions of resistance
 H - 6 potions of ambrosia
 K - 2 potions of haste
 S - a potion of cancellation
 X - 11 potions of magic
 Z - 6 potions of heal wounds
Miscellaneous
 z - 4 phantom mirrors
Comestibles
 f - 42 meat rations
 i - 38 royal jellies


   Skills:
 O Level 27 Fighting
   Level 0.8 Short Blades
 - Level 12.0 Staves
 O Level 27 Armour
 O Level 27 Dodging
 - Level 1.1 Stealth
 + Level 26.2 Shields
 O Level 27 Unarmed Combat
 O Level 27 Invocations
 - Level 2.6 Evocations


You had 4 spell levels left.
You knew the following spells:

 Your Spells              Type           Power        Failure   Level  Hunger
a - Apportation           Tloc           #.....       21%         1    ##.....
b - Confusing Touch       Hex            #.....       21%         1    ##.....
c - Passwall              Tmut/Erth      #.........   28%         2    ###....
d - Infusion              Chrm           #...         21%         1    ##.....
e - Controlled Blink      Tloc           N/A          100%        8    #######
f - Blink                 Tloc           N/A          28%         2    ###....
g - Passage of Golubria   Tloc           N/A          82%         4    #####..
h - Lesser Beckoning      Tloc           #.........   47%         3    ####...


Dungeon Overview and Level Annotations

Branches:
Dungeon (15/15)            Temple (0/1) D:6            Lair (6/6) D:9
 Shoals (4/4) Lair:3       Spider (4/4) Lair:4        Slime (5/5) Lair:6
    Orc (2/2) D:11            Elf (3/3) Orc:2        Vaults (5/5) D:14
  Crypt (3/3) Vaults:2       Tomb (3/3) Crypt:3      Depths (5/5) D:15
   Hell (1/1)                 Dis (7/7) Hell            Geh (7/7) Hell
    Coc (7/7) Hell            Tar (7/7) Hell            Zot (5/5) Depths:5

Altars:
Elyvilon
Kikubaaqudgha
Makhleb
Nemelex Xobeh
Uskayaw
Wu Jian
Yredelemnul
Beogh

Shops:
D:5 [   Orc:2 ([=(   Elf:1 :   Elf:2 [   Shoals:3 ![?   Vaults:1 [   Vaults:2 (
Vaults:3 *   Vaults:4 [   Depths:1 %   Depths:2 (   Depths:3 }==

Portals:
Hell: Depths:1 Depths:2 Depths:3 Depths:4 Depths:5
Abyss: Depths:4
Pandemonium: Depths:3

Annotations:
Lair:5 exclusion: 2 oklob plants
Tar:4 13 runed doors


Innate Abilities, Weirdness & Mutations

Your body is rotting away.
You thrive on raw meat.
You are immune to poison.
You have sharp fingernails.
You are carnivorous and can eat meat at any time.
Your flesh is cold resistant. (rC+)
You are immune to negative energy. (rN+++)
You do not regenerate when monsters are visible.
You are immune to unholy pain and torment.
You can survive without breathing.


Message History

The Orb Guardian is heavily wounded.
You block the Orb Guardian's attack.
You punch the Orb Guardian!
The Orb Guardian is heavily wounded.
You pummel the Orb Guardian like a punching bag!!!
You kill the Orb Guardian!
You can now pass through a line of other dancers.
There is a staircase leading out of the dungeon here.
Wield which item (- for none, * to show all)? (? for menu, Esc to quit)
A terribly searing pain shoots up your arm!
b - the +7 sceptre of Torment (weapon)
Drop what? 51/52 slots (_ for help) (? for menu, Esc to quit)
Okay, then.
There is a staircase leading out of the dungeon here.
You feel very mighty all of a sudden.
You can no longer pass through a line of other dancers.
You feel clever all of a sudden.
You feel yourself speed up.
Okay, then.
You have escaped!

# #.....# #......##### #
#.....# #.##.#.....# #
#.....# #.#####.##.# #
###.### ##.###.###.# #
#.#### ##.#.## #.#
#######.#..## ##.## ##.#
..........#.###.#.###.##
.##.##...###.#.#.#.#.##
.##.#.....###.#.@.#.##
###
....#..#.###.#.#.#.#.##
#####..
.####....##.###.#.###.##
#.....# ........##[##
##.## ##.# #.###..
#####......####.#.####.#
#.# ##. ###
###.##...#.###.#.#.####.#
#. ..#
##.####..#####..#......#
#. #.# #...#
###.#.##..#.###### ## ..#
#...# #.......#.#


There were no monsters in sight!

Vanquished Creatures
  Cerebov (Pan)
  Antaeus (Coc:7)
  Asmodeus (Geh:7)
  Ereshkigal (Tar:7)
  the Royal Jelly (Slime:5)
  Lom Lobon (Pan)
  Gloorx Vloq (Pan)
  A seraph (Pan)
  the Serpent of Hell (Coc:7)
  Mnoleg (Pan)
  Dispater (Dis:7)
  5 orbs of fire (Zot:5)
  Khufu (Tomb:2)
  7 ancient liches
  12 pandemonium lords
  Mennas (Depths:3)
  3 juggernauts
  28 greater mummies
  Bai Suzhen (Depths:1)
  11 shard shrikes
  4 caustic shrikes
  A Killer Klown (Zot:5)
  Xtahua (Crypt:3)
  Geryon (Hell)
  9 golden dragons
  A profane servitor (Crypt:3)
  Arachne (Spider:2)
  5 doom hounds
  6 bone dragons
  20 Tzitzimimeh
  Jorgrun (Vaults:3)
  An electric golem (Zot:5)
  3 iron giants (Dis:7)
  22 Brimstone Fiends
  12 liches
  16 Hell Sentinels
  14 tentacled monstrosities
  24 Orb Guardians
  23 Ice Fiends
  9 quicksilver dragons
  4 deep elf blademasters (Elf:3)
  15 acid blobs
  An acid blob (shapeshifter) (Depths:4)
  An eldritch tentacle (Geh:1)
  6 titans (Vaults:5)
  14 ancient champions
  4 krakens (Shoals:4)
  6 deep elf master archers
  2 death cobs
  41 Executioners
  10 storm dragons
  3 tentacled starspawn
  10 sphinxes
  A storm dragon (shapeshifter) (Depths:4)
  Kirke (Spider:4)
  8 draconian monks
  20 shadow dragons
  11 tengu reavers
  12 warmongers (Pan)
  Agnes (D:14)
  4 revenants
  10 azure jellies
  2 daevas (Pan)
  16 fire giants
  Ilsuiw (Shoals:4)
  3 nagarajas (Zig:5)
  5 draconian scorchers
  17 vault wardens
  14 frost giants
  9 iron dragons
  2 draconian knights (Zot:4)
  13 deep elf sorcerers
  Louise (Shoals:1)
  An iron dragon (shapeshifter) (Depths:4)
  6 emperor scorpions
  The ghost of 4thArraOfDagon the Grappler, a journeyman HOCj of Elyvilon (Elf:3)
  4 orc warlords
  49 balrugs
  22 angels (Pan)
  3 ghost moths
  6 draconian shifters
  41 cacodemons
  4 curse skulls
  4 deep elf elementalists
  3 ghouls
  6 draconian stormcallers
  18 ironheart preservers
  5 draconian annihilators
  2 juggernaut zombies
  25 war gargoyles
  3 caustic shrike zombies
  11 blood saints (Pan)
  15 very ugly things
  20 stone giants
  3 entropy weavers
  13 bennus
  An elemental wellspring (Coc:7)
  2 juggernaut skeletons (Zig:6)
  6 green draconians
  59 reapers
  10 ophanim (Pan)
  3 apis (Pan)
  8 corrupters (Pan)
  10 vampire knights
  15 black suns
  15 deep elf annihilators
  8 black draconians
  6 deep elf demonologists
  10 white draconians
  11 lorocyprocas
  2 dire elephants
  10 purple draconians
  3 yellow draconians
  A dire elephant (shapeshifter) (Depths:4)
  20 red draconians
  Azrael (D:14)
  17 spark wasps
  4 merfolk javelineers
  7 deep elf death magi
  40 blizzard demons
  A crystal guardian (Depths:4)
  19 mummy priests
  18 yaktaur captains
  16 ettins
  5 quicksilver dragon zombies
  Josephine (Shoals:1)
  18 green deaths (Pan)
  Erolcha (Orc:2)
  2 eidola
  11 great orbs of eyes
  14 fire dragons
  11 merfolk impalers
  2 jiangshi (Crypt:3)
  6 deep elf high priests
  8 death oozes (Slime:5)
  A kraken zombie (Coc:7)
  A spectral kraken (Tar:7)
  37 vault guards
  10 rakshasas
  40 ice dragons
  9 hydras
  7 hell beasts
  5 catoblepae
  4 quicksilver dragon skeletons
  10 merfolk aquamancers
  5 spriggan air magi
  A satyr (Shoals:4)
  6 death knights
  An anaconda (shapeshifter) (Depths:4)
  13 deep troll shamans
  An alligator snapping turtle (Shoals:3)
  19 monstrous demonspawn (Pan)
  2 merfolk avatars
  17 death yaks
  15 centaur warriors
  71 two-headed ogres
  2 vampire magi
  30 death scarabs
  An alligator (shapeshifter) (Depths:1)
  30 dancing weapons
  7 deep troll earth magi
  8 tengu warriors
  21 ogre magi
  2 spriggan berserkers
  3 orc high priests
  26 hell hogs
  6 iron golems
  A naga sharpshooter (Zig:5)
  A shock serpent (Zig:5)
  9 titan zombies
  4 thrashing horrors (Abyss:5)
  80 sun demons
  7 titan skeletons
  47 soul eaters
  3 storm dragon zombies
  56 hell knights
  92 skeletal warriors
  24 deep elf knights
  11 shadow wraiths
  17 sea snakes
  A fire crab (shapeshifter) (Depths:4)
  60 sixfirhies
  13 gelid demonspawn (Pan)
  2 storm dragon skeletons
  A death drake (Zig:10)
  2 ghost moth zombies
  2 spark wasp zombies
  9 iron trolls
  2 spatial maelstroms
  2 golden dragon zombies
  A sea snake (shapeshifter) (Vaults:5)
  2 unseen horrors (shapeshifter) (Vaults:4)
  12 torturous demonspawn
  25 deep trolls
  12 infernal demonspawn
  35 shadow demons
  12 unseen horrors
  A quicksilver dragon simulacrum (Tar:5)
  12 cherubim (Pan)
  10 wizards
  9 anaconda zombies
  Pikel (D:4)
  7 glowing orange brains
  3 kraken simulacra
  7 flayed ghosts
  A naga ritualist (Zig:5)
  19 orc knights
  19 deep elf archers
  5 shadow dragon zombies
  6 anaconda skeletons
  2 tengu zombies
  3 golden dragon skeletons
  A lindwurm (shapeshifter) (Vaults:3)
  11 necromancers
  14 harpies
  4 iron dragon zombies
  An orange crystal statue (Zig:6)
  17 ironbrand convokers
  14 phantasmal warriors
  14 fauns
  3 wolf spider zombies
  17 orb spiders
  7 manticores
  58 ugly things
  3 frost giant zombies
  7 shining eyes
  2 shadow dragon skeletons (Coc:7)
  72 deep elf magi
  3 tengu skeletons
  3 iron dragon skeletons
  7 stone giant zombies
  34 wolf spiders
  8 cyclopes
  A sphinx skeleton (Vaults:2)
  8 orc sorcerers
  9 fire giant zombies
  A salamander (shapeshifter) (Depths:1)
  12 moths of wrath
  6 frost giant skeletons
  7 black mambas
  2 titan simulacra
  6 water nymphs
  5 fire giant skeletons
  A guardian serpent (shapeshifter) (D:15)
  5 stone giant skeletons
  3 dire elephant zombies
  12 merfolk sirens
  4 centaur zombies
  11 human skeletons
  2 shock serpent zombies
  A black mamba (shapeshifter) (D:13)
  17 vault sentinels
  5 ice statues
  A spriggan skeleton (Zig:6)
  56 smoke demons
  5 gargoyles
  4 torpor snails
  A water nymph (shapeshifter) (Depths:3)
  A shock serpent skeleton (Geh:6)
  10 molten gargoyles
  3 spectral swamp worms (Tar:7)
  23 rust devils
  27 spiny frogs
  7 centaur skeletons
  A spiny frog (shapeshifter) (Depths:2)
  44 orange demons
  5 rime drakes
  6 kobold demonologists
  6 eyes of devastation
  28 hellions
  4 emperor scorpion zombies
  52 yaktaurs
  10 efreet
  2 yaktaurs (shapeshifter)
  A pale draconian zombie (Crypt:3)
  30 hellwings
  A purple draconian zombie (Tomb:2)
  An elf zombie (Hell)
  A komodo dragon (shapeshifter) (D:15)
  13 komodo dragons
  2 anaconda simulacra
  A minotaur zombie (Crypt:1)
  3 dire elephant skeletons
  30 demonic crawlers
  28 freezing wraiths
  37 tormentors
  58 guardian mummies
  60 red devils
  6 tengu conjurers
  A yaktaur skeleton (Vaults:3)
  31 ice devils
  3 silent spectres
  A troll (shapeshifter) (Vaults:1)
  40 jumping spiders
  4 polar bears
  2 harpy zombies
  3 catoblepas skeletons
  8 hydra zombies
  12 trolls
  A green draconian skeleton (Geh:3)
  6 meliai
  22 hornets
  43 merfolk
  4 harpy skeletons
  2 queen bees (shapeshifter)
  4 tyrant leeches (Lair:6)
  71 slime creatures
  A slime creature (shapeshifter) (Depths:2)
  5 fire dragon zombies
  8 hydra skeletons
  A dream sheep (shapeshifter) (Depths:4)
  A raiju (shapeshifter) (Vaults:4)
  A raiju (Abyss:5)
  14 snapping turtles
  5 bog bodies
  20 hippogriffs
  An iron dragon simulacrum (Depths:3)
  17 dream sheep
  24 blink frogs
  5 alligator zombies
  6 ice dragon zombies
  6 wind drakes
  3 spriggan zombies
  64 redbacks
  7 ettin zombies
  A centaur simulacrum (D:15)
  104 flying skulls
  8 ettin skeletons
  7 fire dragon skeletons
  4 black mamba zombies
  2 ice dragon skeletons
  24 shadows
  40 tarantellas
  6 air elementals
  66 ynoxinuls
  5 alligator skeletons
  66 yaks
  15 ushabtiu
  24 wraiths
  4 spriggans
  31 water elementals
  4 humans (Depths:3)
  A tarantella (shapeshifter) (D:12)
  5 vampires
  5 wyverns
  A human (shapeshifter) (Vaults:3)
  A fire bat (Abyss:5)
  3 hogs (Spider:4)
  3 black mamba skeletons
  3 golden eyes (Pan)
  A basilisk (shapeshifter) (Vaults:3)
  3 steam dragons
  46 fire elementals
  4 basilisks
  13 vampire mosquitoes
  5 hungry ghosts
  33 chaos spawn
  37 neqoxecs
  71 large abominations
  5 hydra simulacra
  A gelid demonspawn zombie (Crypt:2)
  3 soldier ants
  8 swamp worms (Spider:4)
  A harpy simulacrum (Depths:4)
  10 wargs
  Edmund (D:5)
  4 acid dragons
  2 deep troll zombies
  A two-headed ogre skeleton (Crypt:1)
  9 spiny frog zombies
  18 water moccasins
  3 floating eyes (Pan)
  50 hell hounds
  6 porcupines
  A swamp drake (Zig:10)
  A faun skeleton (Crypt:1)
  9 sky beasts
  A deep troll skeleton (Crypt:2)
  73 orc warriors
  6 spiny frog skeletons
  A black bear (shapeshifter) (Depths:1)
  5 black bears
  A dream sheep zombie (Crypt:3)
  2 hornet zombies
  14 ice beasts
  2 snapping turtle zombies
  6 phantoms
  11 necrophages
  57 ogres
  6 boggarts
  An elephant zombie (Crypt:3)
  4 eyes of draining
  2 manticore zombies
  17 wolves
  19 centaurs
  17 crocodiles
  2 elf skeletons
  A manticore skeleton (Geh:1)
  2 snapping turtle skeletons
  A rime drake zombie (Crypt:1)
  A wyvern zombie (D:9)
  3 yaktaur zombies
  3 human zombies
  4 big kobolds
  5 earth elementals
  29 bullfrogs
  8 gnoll sergeants (Bailey)
  3 spiny frog simulacra (Coc:1)
  A cyclops zombie (Crypt:3)
  5 scorpions
  5 killer bees (D:8)
  A manticore simulacrum (Coc:7)
  2 electric eels
  78 wights
  6 howler monkeys
  14 jellies
  17 crimson imps
  5 lava snakes (Lair:4)
  3 bullfrog zombies
  10 hounds
  2 quasits (Depths:3)
  2 human simulacra (Vaults:3)
  6 gnoll shamans (Bailey)
  3 bullfrog skeletons
  36 orc priests
  39 orc wizards
  35 iron imps
  Jessica (D:2)
  3 iguanas
  7 hell rats
  11 worker ants
  A killer bee zombie (D:6)
  A dwarf zombie (Crypt:3)
  A naga zombie (Coc:1)
  An acid dragon zombie (Crypt:1)
  A naga skeleton (Tar:5)
  An ogre skeleton (Geh:6)
  3 hound zombies
  40 mummies
  2 worker ant zombies
  Robin (D:4)
  12 adders
  26 gnolls
  4 river rats (D:4)
  6 shadow imps
  13 white imps
  2 oozes
  An adder zombie (Crypt:3)
  9 worms (Spider:4)
  2 dart slugs
  6 leopard geckos
  185 orcs
  8 giant cockroaches
  21 goblins
  5 hobgoblins
  10 jackals
  4 quokkas
  A ball python (D:3)
  3 bats
  3 frilled lizards
  A frilled lizard zombie (Crypt:2)
  2 jackal skeletons (D:5)
  24 kobolds
  3 leopard gecko skeletons
  An orc simulacrum (Crypt:3)
  An orc skeleton (Tar:7)
  A quokka skeleton (D:9)
  7 rats
  2 butterflies (Lair:5)
  A fire vortex (Pan)
  A lurking horror (Abyss:5)
  A plant (Lair:6)
  A starspawn tentacle (Zig:4)
  24 tentacles
5504 creatures vanquished.

Vanquished Creatures (collateral kills)
  A merfolk impaler (Shoals:4)
  A merfolk javelineer (Shoals:4)
  A merfolk aquamancer (Shoals:4)
  A manticore (Shoals:4)
  A merfolk siren (Shoals:4)
  A wind drake (Shoals:4)
  A river rat (D:4)
  A rat (D:4)
8 creatures vanquished.

Vanquished Creatures (others)
  Polyphemus (Shoals:2)
  5 eldritch tentacles (Pan)
  A warmonger (Pan)
  2 elemental wellsprings (Coc:7)
  A blood saint (Pan)
  A bennu (Tomb:2)
  A yellow draconian (Zot:2)
  A merfolk javelineer (Shoals:2)
  A quicksilver dragon zombie (Tomb:2)
  A satyr (Shoals:2)
  A death scarab (Tomb:2)
  A deep elf knight (Elf:1)
  A sun demon (Pan)
  A cherub (Pan)
  A skeletal warrior (Dis:1)
  An unseen horror (Abyss:5)
  An orb spider (Spider:3)
  An anaconda skeleton (Tomb:2)
  A faun (Shoals:1)
  2 moths of wrath (Zot:2)
  2 wolf spiders (Spider:3)
  A merfolk siren (Shoals:3)
  A fire giant skeleton (Geh:6)
  An eye of devastation (Pan)
  2 jumping spiders (Spider:3)
  A merfolk (Shoals:3)
  A hornet (Vaults:5)
  A bog body (Coc:7)
  20 flying skulls
  A wraith (Geh:6)
  An ettin skeleton (Geh:6)
  A water elemental (Elf:3)
  A tarantella (Spider:3)
  3 humans
  A warg (Vaults:1)
  An acid dragon (Zig:10)
  A floating eye (Pan)
  An orc warrior (D:15)
  An ogre (Vaults:5)
  A centaur (Shoals:3)
  A wight (Geh:6)
  2 iron imps (Dis:7)
  An orc wizard (D:14)
  A hell rat (Hell)
  4 mummies (Tomb:2)
  4 river rats (D:4)
  An adder (D:4)
  A white imp (Coc:5)
  9 ball lightnings
  2 orcs
  A quokka (D:11)
  11 rats (D:4)
  A fire vortex (Pan)
  26 fungi
  105 plants
  14 starspawn tentacles
  82 tentacles
335 creatures vanquished.

Grand Total: 5847 creatures vanquished

Notes
Turn   | Place    | Note
-------+----------+-------------------------------------------
     0 | D:1      | Slowdrip the Ghoul Artificer began the quest for the Orb.
     0 | D:1      | Reached XP level 1. HP: 16/16 MP: 1/1
   164 | D:1      | Huge Dmg: 3 Dmg
   181 | D:1      | Reached XP level 2. HP: 13/24 MP: 3/3
   334 | D:1      | Reached skill level 1 in Unarmed Combat
   601 | D:1      | Huge Dmg: 6 Dmg
   807 | D:2      | Noticed Jessica
   812 | D:2      | Huge Dmg: 7 Dmg
   813 | D:2      | Killed Jessica
   813 | D:2      | Reached XP level 3. HP: 18/30 MP: 4/4
  1089 | D:2      | Reached XP level 4. HP: 37/37 MP: 5/5
  2534 | D:4      | Noticed an ogre
  2541 | D:4      | Huge Dmg: 21 Dmg
  2543 | D:4      | Killed an ogre
  2543 | D:4      | Reached XP level 5. HP: 20/46 MP: 6/6
  2697 | D:4      | Reached XP level 6. HP: 29/52 MP: 7/7
  2725 | D:4      | Huge Dmg: 13 Dmg
  3059 | D:4      | Noticed Robin
  3110 | D:4      | Killed Robin
  3110 | D:4      | Reached skill level 5 in Fighting
  3189 | D:4      | Reached skill level 5 in Unarmed Combat
  3475 | D:4      | Noticed a slave
  3476 | D:4      | Noticed Pikel
  3476 | D:4      | Noticed a slave
  3476 | D:4      | Noticed a slave
  3476 | D:4      | Noticed a slave
  3652 | D:4      | Reached XP level 7. HP: 56/61 MP: 8/8
  3910 | D:4      | Killed Pikel
  3910 | D:4      | Reached XP level 8. HP: 65/71 MP: 9/9
  4211 | D:5      | Entered Level 5 of the Dungeon
  4625 | D:5      | Found a hide-covered altar of Uskayaw.
  4635 | D:5      | Became a worshipper of Uskayaw the Reveler
  4704 | D:5      | Reached * piety under Uskayaw
  4761 | D:5      | Found Mizuereh's Armour Boutique.
  5168 | D:5      | Noticed Edmund
  5191 | D:5      | Reached ** piety under Uskayaw
  5192 | D:5      | Killed Edmund
  5534 | D:6      | Huge Dmg: 19 Dmg
  5534 | D:6      | Reached XP level 9. HP: 58/79 MP: 10/10
  6021 | D:6      | Found a staircase to the Ecumenical Temple.
  6494 | D:6      | Huge Dmg: 20 Dmg
  7184 | D:7      | Found a sparkling altar of Nemelex Xobeh.
  7422 | D:8      | Noticed a two-headed ogre
  7435 | D:8      | Huge Dmg: 17 Dmg
  7437 | D:8      | Killed a two-headed ogre
  7437 | D:8      | Reached skill level 10 in Fighting
  7437 | D:8      | Reached skill level 10 in Unarmed Combat
  7437 | D:8      | Reached XP level 10. HP: 64/94 MP: 11/11
  7437 | D:8      | Reached *** piety under Uskayaw
  7694 | D:8      | Reached skill level 1 in Armour
  7695 | D:8      | Reached **** piety under Uskayaw
  7705 | D:8      | Reached ***** piety under Uskayaw
  8175 | D:8      | Noticed a two-headed ogre
  8188 | D:8      | Killed a two-headed ogre
  8338 | D:8      | Noticed a two-headed ogre
  8353 | D:8      | Killed a two-headed ogre
  8945 | D:9      | Noticed a two-headed ogre
  8958 | D:9      | Killed a two-headed ogre
  8958 | D:9      | Reached skill level 5 in Dodging
  8958 | D:9      | Reached XP level 11. HP: 73/101 MP: 12/12
  9285 | D:9      | Found a staircase to the Lair.
  9290 | Lair:1   | Entered Level 1 of the Lair of Beasts
  9314 | D:9      | Reached skill level 5 in Armour
  9315 | D:9      | Huge Dmg: 27 Dmg
  9956 | D:10     | Entered Level 10 of the Dungeon
 10679 | D:10     | Noticed an unseen horror
 10687 | D:10     | Killed an unseen horror
 11152 | D:11     | Reached skill level 1 in Invocations
 11160 | D:11     | Found a white marble altar of Elyvilon.
 11207 | D:11     | Found a frozen archway.
 11213 | IceCv    | Entered an ice cave
 11336 | IceCv    | Noticed a white ugly thing
 11352 | IceCv    | Huge Dmg: 20 Dmg
 11353 | IceCv    | Huge Dmg: 15 Dmg
 11354 | IceCv    | Huge Dmg: 11 Dmg
 11354 | IceCv    | Killed a white ugly thing
 11354 | IceCv    | Reached XP level 12. HP: 36/108 MP: 0/13
 11581 | IceCv    | Huge Dmg: 25 Dmg
 11951 | IceCv    | Huge Dmg: 20 Dmg
 11953 | IceCv    | Huge Dmg: 28 Dmg
 12392 | IceCv    | Huge Dmg: 20 Dmg
 12952 | D:11     | Noticed a death yak
 12982 | D:11     | Killed a death yak
 12982 | D:11     | Reached skill level 5 in Invocations
 13001 | D:11     | Huge Dmg: 10 Dmg
 13002 | D:11     | Reached ****** piety under Uskayaw
 13200 | D:11     | Found a staircase to the Orcish Mines.
 14743 | Lair:2   | Noticed an eight-headed hydra
 14774 | Lair:2   | Huge Dmg: 24 Dmg
 14775 | Lair:2   | Huge Dmg: 18 Dmg
 14776 | Lair:2   | Noticed a four-headed hydra
 14779 | Lair:2   | Huge Dmg: 11 Dmg
 14804 | Lair:2   | Huge Dmg: 10 Dmg
 14901 | Lair:2   | Huge Dmg: 8 Dmg
 14906 | Lair:2   | Huge Dmg: 5 Dmg
 14908 | Lair:2   | Huge Dmg: 4 Dmg
 14911 | Lair:2   | Huge Dmg: 3 Dmg
 15691 | Lair:2   | Killed a four-headed hydra
 15691 | Lair:2   | Reached XP level 13. HP: 65/114 MP: 11/18
 15953 | Lair:2   | Reached skill level 15 in Unarmed Combat
 16599 | Lair:3   | Found a staircase to the Shoals.
 17096 | Lair:3   | Reached skill level 1 in Shields
 17828 | Lair:4   | Huge Dmg: 19 Dmg
 17829 | Lair:4   | Huge Dmg: 24 Dmg
 17972 | Lair:4   | Found a hole to the Spider Nest.
 18383 | Lair:4   | Noticed a dire elephant
 18437 | Lair:4   | Huge Dmg: 27 Dmg
 18438 | Lair:4   | Huge Dmg: 26 Dmg
 18440 | Lair:4   | Killed a dire elephant
 18440 | Lair:4   | Reached skill level 5 in Shields
 18603 | Lair:4   | Identified the Incunabulum of Venom and the Rocks
 19040 | Lair:5   | Huge Dmg: 13 Dmg
 19264 | Lair:5   | Identified a scroll of acquirement
 19265 | Lair:5   | Got a smoking lead ring
 19267 | Lair:5   | Identified the ring of the Coward {+Blink rF- MR+ Dex+3 Stlth+} (You acquired it on level 5 of the Lair of Beasts)
 20113 | Lair:5   | Reached skill level 10 in Invocations
 20113 | Lair:5   | Reached XP level 14. HP: 113/122 MP: 20/20
 20461 | Lair:6   | Entered Level 6 of the Lair of Beasts
 20623 | Lair:6   | Huge Dmg: 21 Dmg
 20919 | Lair:6   | Huge Dmg: 24 Dmg
 21474 | Lair:6   | Huge Dmg: 30 Dmg
 21475 | Lair:6   | Huge Dmg: 22 Dmg
 22030 | Lair:6   | Learned a level 1 spell: Apportation
 22032 | Lair:6   | Learned a level 1 spell: Confusing Touch
 22035 | Lair:6   | Learned a level 2 spell: Passwall
 22038 | Lair:6   | Found a staircase to the Slime Pits.
 22507 | Lair:6   | Reached XP level 15. HP: 128/128 MP: 23/23
 23014 | Lair:5   | Got an ancient tin ring
 23016 | Lair:5   | Identified the ring "Lidud" {Fire rPois rN++} (You found it on level 5 of the Lair of Beasts)
 23233 | Lair:5   | Got an ancient longbow
 23234 | Lair:5   | Identified the +7 longbow of Foblyg {venom, *Drain rN+ MR+ SInv} (You found it on level 5 of the Lair of Beasts)
 23529 | D:12     | Huge Dmg: 24 Dmg
 24167 | D:12     | Found a runed door.
 24753 | D:12     | Found a roughly hewn altar of Beogh.
 25220 | D:13     | Found a flagged portal.
 25263 | Bailey   | Entered a bailey
 25837 | D:13     | Huge Dmg: 21 Dmg
 26054 | D:13     | Huge Dmg: 25 Dmg
 26271 | D:13     | Huge Dmg: 30 Dmg
 26618 | D:13     | Huge Dmg: 15 Dmg
 26619 | D:13     | Huge Dmg: 27 Dmg
 26620 | D:13     | Huge Dmg: 8 Dmg
 27026 | D:13     | Huge Dmg: 26 Dmg
 27041 | D:13     | Huge Dmg: 17 Dmg
 27042 | D:13     | Huge Dmg: 16 Dmg
 27487 | Orc:1    | Entered Level 1 of the Orcish Mines
 27719 | Orc:2    | Entered Level 2 of the Orcish Mines
 28104 | Orc:2    | Noticed an orc warlord
 28129 | Orc:2    | Killed an orc warlord
 28159 | Orc:2    | Found a roughly hewn altar of Beogh.
 28308 | Orc:2    | Found a roughly hewn altar of Beogh.
 28338 | Orc:2    | Found Xeokk's Weapon Shoppe.
 28422 | Orc:2    | Found a roughly hewn altar of Beogh.
 28422 | Orc:2    | Noticed Erolcha
 28428 | Orc:2    | Killed Erolcha
 28428 | Orc:2    | Reached XP level 16. HP: 135/136 MP: 22/26
 28613 | Orc:2    | Reached skill level 15 in Invocations
 28624 | Orc:2    | Huge Dmg: 20 Dmg
 28646 | Orc:2    | Huge Dmg: 14 Dmg
 28811 | Orc:2    | Found Visulyr's Antique Weapon Shoppe.
 28811 | Orc:2    | Found a roughly hewn altar of Beogh.
 28815 | Orc:2    | Found Futtidd's Antique Armour Emporium.
 28978 | Orc:2    | Found a roughly hewn altar of Beogh.
 29157 | Orc:2    | Found a staircase to the Elven Halls.
 29331 | Orc:2    | Found a roughly hewn altar of Beogh.
 29331 | Orc:2    | Found Ynurghapp's Jewellery Shop.
 29370 | Orc:2    | Bought a +3 amulet of reflection for 172 gold pieces
 29370 | Orc:2    | Bought the ring of Horeimum {*Slow +Fly rC+ MR+ Str+8} for 531 gold pieces
 29592 | D:5      | Bought the +5 shield of the Game Afoot {rCorr SInv} for 509 gold pieces
 29592 | D:5      | Bought the +2 pair of boots of the Heron {Str+3 Int+4} for 398 gold pieces
 29592 | D:5      | Bought the scarf of Hainuerch {rF++ rC- Slay+2 Stlth+} for 370 gold pieces
 29963 | D:14     | Noticed Azrael
 29970 | D:14     | Huge Dmg: 35 Dmg
 29977 | D:15     | Entered Level 15 of the Dungeon
 30443 | D:15     | Found a staircase to the Depths.
 31030 | D:15     | Found an ornate altar of the Wu Jian Council.
 31104 | D:15     | Found a roughly hewn altar of Beogh.
 31246 | D:14     | Killed Azrael
 31359 | D:14     | Noticed Agnes
 31380 | D:14     | Killed Agnes
 31626 | D:14     | Found a gate to the Vaults.
 32105 | D:14     | Reached XP level 17. HP: 146/146 MP: 27/27
 32420 | Spider:1 | Entered Level 1 of the Spider Nest
 33002 | Spider:1 | Reached skill level 10 in Shields
 34543 | Spider:2 | Noticed Arachne
 34558 | Spider:2 | Killed Arachne
 35211 | Spider:3 | Huge Dmg: 40 Dmg
 35767 | Spider:3 | Huge Dmg: 40 Dmg
 36081 | Spider:4 | Entered Level 4 of the Spider Nest
 36524 | Spider:4 | Got a wavering ivory ring
 36547 | Spider:4 | Identified the ring "Beysem" {Fire Slay+3} (You found it on level 4 of the Spider Nest)
 36562 | Spider:4 | Noticed Kirke
 36595 | Spider:4 | Huge Dmg: 34 Dmg
 36606 | Spider:4 | Huge Dmg: 35 Dmg
 36694 | Spider:4 | Killed Kirke
 36788 | Spider:4 | Reached XP level 18. HP: 141/157 MP: 17/28
 36798 | Spider:4 | Huge Dmg: 24 Dmg
 36800 | Spider:4 | Huge Dmg: 30 Dmg
 36970 | Spider:4 | Huge Dmg: 11 Dmg
 36971 | Spider:4 | Huge Dmg: 12 Dmg
 37643 | Spider:4 | Huge Dmg: 32 Dmg
 38269 | Spider:4 | Got a gossamer rune of Zot
 38779 | Shoals:1 | Entered Level 1 of the Shoals
 39003 | Shoals:1 | Noticed Josephine
 39021 | Shoals:1 | Killed Josephine
 39105 | Shoals:1 | Noticed Louise
 39118 | Shoals:1 | Huge Dmg: 31 Dmg
 39123 | Shoals:1 | Huge Dmg: 28 Dmg
 39135 | Shoals:1 | Huge Dmg: 29 Dmg
 39136 | Shoals:1 | Huge Dmg: 17 Dmg
 39137 | Shoals:1 | Huge Dmg: 4 Dmg
 39787 | Shoals:1 | Huge Dmg: 23 Dmg
 39791 | Shoals:1 | Huge Dmg: 20 Dmg
 39795 | Shoals:1 | Killed Louise
 40499 | Shoals:2 | Huge Dmg: 39 Dmg
 40502 | Shoals:2 | Huge Dmg: 24 Dmg
 40660 | Shoals:2 | Noticed Polyphemus
 40887 | Shoals:2 | Huge Dmg: 19 Dmg
 40889 | Shoals:2 | Huge Dmg: 27 Dmg
 40999 | Shoals:2 | Killed Polyphemus
 41113 | Shoals:2 | Huge Dmg: 42 Dmg
 41113 | Shoals:2 | Reached XP level 19. HP: 70/168 MP: 22/29
 41393 | Shoals:3 | Found Juasez's Distillery.
 41510 | Shoals:3 | Found Faonurgh's Armour Boutique.
 41532 | Shoals:3 | Bought a +1 cloak of magic resistance for 247 gold pieces
 42190 | Shoals:3 | Found Huttotra's Magic Scroll Emporium.
 42199 | Shoals:3 | Bought a scroll of fear for 49 gold pieces
 42199 | Shoals:3 | Bought a scroll of fear for 49 gold pieces
 42199 | Shoals:3 | Bought a scroll of teleportation for 42 gold pieces
 42199 | Shoals:3 | Bought a scroll of teleportation for 42 gold pieces
 42400 | Shoals:3 | Bought a potion of resistance for 180 gold pieces
 42400 | Shoals:3 | Bought a potion of curing for 54 gold pieces
 42400 | Shoals:3 | Bought a potion of curing for 54 gold pieces
 42400 | Shoals:3 | Bought a potion of heal wounds for 90 gold pieces
 42540 | Shoals:4 | Entered Level 4 of the Shoals
 42568 | Shoals:4 | Got a twitching copper amulet
 42571 | Shoals:4 | Identified the amulet "Coiraffu" {Faith Str+3} (You found it on level 4 of the Shoals)
 42605 | Shoals:4 | Noticed Ilsuiw
 42623 | Shoals:4 | Killed Ilsuiw
 42642 | Shoals:4 | Reached skill level 15 in Fighting
 42904 | Shoals:4 | Identified Nityuhes's Volume of Boosting Execration
 42911 | Shoals:4 | Learned a level 1 spell: Infusion
 43027 | Shoals:4 | Got a pitted mace
 43028 | Shoals:4 | Identified the +10 mace "Urepo" {crush, MR+ MP+9} (You found it on level 4 of the Shoals)
 43125 | Shoals:4 | Reached skill level 15 in Shields
 43548 | Shoals:4 | Huge Dmg: 29 Dmg
 43816 | Shoals:4 | Huge Dmg: 37 Dmg
 44036 | Shoals:4 | Got a barnacled rune of Zot
 44373 | Shoals:4 | Huge Dmg: 29 Dmg
 45110 | Vaults:1 | Entered Level 1 of the Vaults
 45187 | Vaults:1 | Reached XP level 20. HP: 137/179 MP: 15/30
 45511 | Vaults:1 | Reached skill level 10 in Armour
 46130 | Vaults:1 | Identified the +7 shortbow of Muprur {freeze, rN+} (You found it on level 1 of the Vaults)
 46255 | Vaults:1 | Found Irocomon's Armour Boutique.
 47972 | Vaults:2 | Reached XP level 21. HP: 157/191 MP: 31/31
 48055 | Vaults:2 | Found a staircase to the Crypt.
 48358 | Vaults:2 | Found Acwuocs's Weapon Shop.
 49193 | Vaults:3 | Found Sucw's General Store.
 49527 | Vaults:3 | Noticed Jorgrun
 49539 | Vaults:3 | Killed Jorgrun
 49999 | Vaults:3 | Found a portal to a secret trove of treasure.
 50323 | Vaults:3 | Reached skill level 15 in Armour
 50622 | Vaults:4 | Reached XP level 22. HP: 188/203 MP: 32/32
 51954 | Vaults:4 | Found Onleeko's Antique Armour Boutique.
 51969 | Vaults:4 | Bought a translucent cloak for 342 gold pieces
 51969 | Vaults:4 | Identified the +1 cloak "Kepail" {rPois rF++} (You bought it in a shop on level 4 of the Vaults)
 52097 | Vaults:5 | Entered Level 5 of the Vaults
 52207 | Vaults:4 | Huge Dmg: 43 Dmg
 52424 | Vaults:5 | Huge Dmg: 45 Dmg
 52556 | Crypt:1  | Entered Level 1 of the Crypt
 52763 | Crypt:1  | Reached XP level 23. HP: 128/213 MP: 33/33
 53620 | Crypt:2  | Identified the +0 robe of Qoilakue {rElec Str-2 SInv} (You found it on level 2 of the Crypt)
 53902 | Crypt:3  | Entered Level 3 of the Crypt
 54237 | Crypt:3  | Noticed Xtahua
 54254 | Crypt:3  | Killed Xtahua
 54271 | Crypt:3  | Huge Dmg: 63 Dmg
 54273 | Crypt:3  | Huge Dmg: 36 Dmg
 54795 | Crypt:3  | Found a staircase to the Tomb.
 55031 | Crypt:3  | Huge Dmg: 49 Dmg
 55307 | Crypt:3  | Found the +7 sceptre of Torment
 55307 | Crypt:3  | Found a basalt altar of Yredelemnul.
 55310 | Crypt:3  | Found an ancient bone altar of Kikubaaqudgha.
 55317 | Crypt:3  | Found the +7 Spriggan's Knife {MR+ EV+4 Dex+4 Stlth+}
 55698 | Crypt:3  | Got a polished cloak
 55709 | Crypt:3  | Identified the +2 cloak of the Tundras {Dex+2} (You found it on level 3 of the Crypt)
 55796 | Crypt:3  | Reached skill level 1 in Staves
 56357 | Elf:1    | Entered Level 1 of the Elven Halls
 56600 | Elf:1    | Found Dimamnie's Book Boutique.
 56887 | Elf:1    | Reached skill level 5 in Staves
 57010 | Elf:1    | Huge Dmg: 38 Dmg
 57016 | Elf:1    | Huge Dmg: 25 Dmg
 57122 | Elf:1    | Huge Dmg: 71 Dmg
 57416 | Elf:2    | Reached XP level 24. HP: 185/223 MP: 33/33
 57629 | Elf:2    | Found a huge runed gate.
 57629 | Elf:2    | Found a huge runed gate.
 57629 | Elf:2    | Found a huge runed gate.
 57629 | Elf:2    | Found a huge runed gate.
 57629 | Elf:2    | Found a huge runed gate.
 57870 | Elf:2    | Found Makistru's Armour Shoppe.
 58213 | Elf:2    | Huge Dmg: 35 Dmg
 58735 | Elf:3    | Entered Level 3 of the Elven Halls
 59097 | Elf:3    | Noticed 4thArraOfDagon's ghost (journeyman HOCj)
 59144 | Elf:3    | Reached skill level 10 in Staves
 59161 | Elf:3    | Killed 4thArraOfDagon's ghost
 59771 | Elf:3    | Huge Dmg: 38 Dmg
 60117 | Elf:3    | Found the +10 Black Knight's horse barding {ponderous, rPois rN+}
 60127 | Elf:3    | Identified the Guide on Evil Arts and the Birds
 60157 | Elf:3    | Found the +8 Wrath of Trog {antimagic, *Rage}
 60168 | Elf:3    | Got a faintly glowing hat
 60179 | Elf:3    | Identified the +1 hat of Balih {rPois rN++ Int-5 Stlth+} (You found it on level 3 of the Elven Halls)
 60192 | Elf:3    | Identified the Almanac of Unholy Feathers
 60260 | Elf:3    | Got a translucent ivory ring
 60262 | Elf:3    | Identified the ring of the Twenty Princes {*Drain rPois rN+ Int+3} (You took it off a deep elf sorcerer on level 3 of the Elven Halls)
 60357 | Elf:3    | Identified Rullew's Almanac of Dusty Displacement
 60419 | Elf:3    | Got a transparent ring mail
 60430 | Elf:3    | Identified the +2 ring mail "Ferphecw" {rN++ Int-2 Dex+4} (You found it on level 3 of the Elven Halls)
 60438 | Elf:3    | Got a dazzling spear
 60439 | Elf:3    | Identified the +2 spear of Rouwuah {pierce, *Drain rPois rN+ Int+4} (You found it on level 3 of the Elven Halls)
 60445 | Elf:3    | Got a smoking ruby amulet
 60446 | Elf:3    | Identified the amulet "Zaniekan" {RegenMP rF+} (You found it on level 3 of the Elven Halls)
 60458 | Elf:3    | Got a crude golden amulet
 60459 | Elf:3    | Identified the amulet of Naxoruur {+Rage Str+2 Slay+5} (You found it on level 3 of the Elven Halls)
 60468 | Elf:3    | Got a smoking steel ring
 60471 | Elf:3    | Identified the ring "Taiwnoud" {Wiz rPois Str+2 Int+4} (You found it on level 3 of the Elven Halls)
 60487 | Elf:3    | Identified the cursed +1 bardiche of the Abyss {antimagic, rElec rPois rC- rN++} (You found it on level 3 of the Elven Halls)
 60527 | Elf:3    | Identified the +8 chain mail "Dauf" {rPois rC- Str+6 Int+9} (You found it on level 3 of the Elven Halls)
 61250 | Depths:1 | Entered Level 1 of the Depths
 61282 | Depths:1 | Noticed Bai Suzhen
 61294 | Depths:1 | Killed Bai Suzhen
 61329 | Depths:1 | Huge Dmg: 50 Dmg
 61373 | Depths:1 | Reached XP level 25. HP: 165/230 MP: 33/33
 61556 | Depths:1 | Reached skill level 10 in Dodging
 61574 | Depths:1 | Found a gateway to Hell.
 61592 | Depths:1 | Found a gateway to a ziggurat.
 61853 | Depths:1 | Noticed a juggernaut
 61882 | Depths:1 | Huge Dmg: 41 Dmg
 61887 | Depths:1 | Killed a juggernaut
 63032 | Vaults:3 | You paid a toll of +3 gold dragon scales to enter a treasure trove
 63033 | Trove    | Entered a treasure trove
 63041 | Trove    | Found the +0 mask of the Dragon {MR+ Slay+3 SInv}
 63054 | Trove    | Got a warped copper ring
 63080 | Trove    | Got an opal-encrusted crystal plate armour
 63082 | Trove    | Got an iridescent lajatang
 63110 | Vaults:3 | Identified the +5 crystal plate armour "Bifyom" {Stlth+} (You found it in a treasure trove)
 63110 | Vaults:3 | Identified the +1 lajatang "Ruofap" {slice, Int+3} (You found it in a treasure trove)
 63136 | Vaults:3 | Identified the ring "Vufimyeng" {Fire rN+ Int+6 Dex+4} (You found it in a treasure trove)
 63483 | Elf:2    | Bought the +1 cloak of Starlight {rElec rC+ EV+4 Stlth--} for 756 gold pieces
 63483 | Elf:2    | Found the +1 cloak of Starlight {rElec rC+ EV+4 Stlth--}
 63967 | Depths:1 | Got a translucent iron amulet
 63968 | Depths:1 | Identified the amulet of Odusehio {Faith +Blink rC+} (You found it on level 1 of the Depths)
 64027 | Depths:1 | Found Giuplenn's Food Shop.
 64123 | Depths:1 | Got a pitted lapis lazuli ring
 64146 | Depths:1 | Identified the ring "Baisag" {rPois rF+++ MR+ Str-3 SInv} (You took it off an ogre mage on level 1 of the Depths)
 64275 | Depths:1 | Identified The Incunabulum of Greatest Risks and Utility
 64715 | Zig:1    | Entered Level 1 of a ziggurat
 64715 | Zig:1    | Noticed Qieve the pandemonium lord
 64738 | Zig:1    | Killed Qieve the pandemonium lord
 64764 | Zig:2    | Entered Level 2 of a ziggurat
 64809 | Zig:3    | Entered Level 3 of a ziggurat
 64838 | Zig:4    | Entered Level 4 of a ziggurat
 64925 | Zig:5    | Entered Level 5 of a ziggurat
 65024 | Zig:6    | Entered Level 6 of a ziggurat
 65027 | Zig:6    | Noticed a shard shrike
 65040 | Zig:6    | Killed a shard shrike
 65066 | Zig:6    | Got a crystal falchion
 65067 | Zig:6    | Identified the +3 falchion "Rozur" {slice, rF+} (You found it on level 6 of a ziggurat)
 65097 | Zig:7    | Entered Level 7 of a ziggurat
 65222 | Zig:8    | Entered Level 8 of a ziggurat
 65238 | Zig:8    | Noticed a juggernaut
 65258 | Zig:8    | Killed a juggernaut
 65346 | Zig:8    | Got a twitching ivory ring
 65356 | Zig:8    | Identified the ring "Acirabouh" {rPois rF+ rC- Int+5 Slay+2} (You found it on level 8 of a ziggurat)
 65367 | Zig:9    | Entered Level 9 of a ziggurat
 65389 | Zig:9    | Reached XP level 26. HP: 232/239 MP: 33/33
 65390 | Zig:9    | Reached skill level 15 in Dodging
 65501 | Zig:10   | Entered Level 10 of a ziggurat
 65784 | Depths:2 | Found Dylollod's Antique Weapon Emporium.
 66412 | Depths:2 | Identified the Catalogue of the Rocks and Talismans
 66495 | Depths:2 | Got a wavering silver ring
 66500 | Depths:2 | Identified the ring "Zetuar" {Wiz rElec rF++ rC+ MP-9} (You took it off a tengu reaver on level 2 of the Depths)
 66599 | Depths:2 | Got a fine brass amulet
 66780 | Depths:3 | Noticed Mennas
 66791 | Depths:3 | Killed Mennas
 66852 | Depths:3 | Identified the amulet "Wetupnot" {Reflect Int+4 SH+5} (You took it off a deep elf high priest on level 2 of the Depths)
 66960 | Depths:3 | Found Teell's Gadget Shop.
 66960 | Depths:3 | Found Juocolao's Jewellery Emporium.
 66961 | Depths:3 | Found Guirghu's Jewellery Emporium.
 67277 | Depths:3 | Found a one-way gate leading to the halls of Pandemonium.
 67626 | Depths:3 | Found a runed door.
 67683 | Depths:3 | Found a burning altar of Makhleb.
 67737 | Depths:3 | Found a runed door.
 68394 | Depths:4 | Reached XP level 27. HP: 244/246 MP: 33/33
 68504 | Depths:4 | Found a one-way gate to the infinite horrors of the Abyss.
 69232 | Depths:5 | Entered Level 5 of the Depths
 69654 | Depths:5 | Found a gate to the Realm of Zot.
 70287 | Depths:5 | Noticed a juggernaut
 70294 | Depths:5 | Killed a juggernaut
 71178 | Slime:1  | Entered Level 1 of the Pits of Slime
 72509 | Slime:5  | Entered Level 5 of the Pits of Slime
 72707 | Slime:5  | Noticed the Royal Jelly
 72717 | Slime:5  | Killed the Royal Jelly
 73237 | Slime:5  | Got a slimy rune of Zot
 73238 | Slime:5  | Identified the Papyrus of Dislocation
 73355 | Slime:5  | Learned a level 8 spell: Controlled Blink
 73356 | Slime:5  | Got a steaming hand crossbow
 73357 | Slime:5  | Identified the +5 hand crossbow of Jycikuyx {elec, rC+} (You found it on level 5 of the Pits of Slime)
 73369 | Slime:5  | Identified Sif Muna's Handbook of Air and Earth
 74193 | Tomb:1   | Entered Level 1 of the Tomb of the Ancients
 74795 | Tomb:1   | Noticed a greater mummy
 74829 | Tomb:1   | Killed a greater mummy
 75140 | Tomb:1   | Noticed a greater mummy
 75151 | Tomb:1   | Killed a greater mummy
 75431 | Tomb:2   | Noticed a greater mummy
 75431 | Tomb:2   | Noticed a greater mummy
 75431 | Tomb:2   | Noticed a greater mummy
 75435 | Tomb:2   | Noticed a greater mummy
 75996 | Tomb:2   | Killed a greater mummy
 76012 | Tomb:2   | Killed a greater mummy
 76022 | Tomb:2   | Killed a greater mummy
 76035 | Tomb:2   | Reached skill level 27 in Unarmed Combat
 76044 | Tomb:2   | Killed a greater mummy
 76699 | Tomb:1   | Noticed a greater mummy
 76699 | Tomb:1   | Noticed a greater mummy
 76707 | Tomb:1   | Killed a greater mummy
 76715 | Tomb:1   | Noticed a greater mummy
 76718 | Tomb:1   | Killed a greater mummy
 76719 | Tomb:1   | Killed a greater mummy
 76754 | Tomb:1   | Noticed a greater mummy
 76766 | Tomb:1   | Killed a greater mummy
 76805 | Tomb:1   | Noticed a greater mummy
 76816 | Tomb:1   | Killed a greater mummy
 76827 | Tomb:1   | Noticed a greater mummy
 76838 | Tomb:1   | Noticed a greater mummy
 76847 | Tomb:1   | Killed a greater mummy
 76850 | Tomb:1   | Killed a greater mummy
 76853 | Tomb:1   | Noticed a greater mummy
 76854 | Tomb:1   | Killed a greater mummy
 76862 | Tomb:1   | Noticed a greater mummy
 76873 | Tomb:1   | Killed a greater mummy
 76881 | Tomb:1   | Noticed a greater mummy
 76886 | Tomb:1   | Noticed a greater mummy
 76888 | Tomb:1   | Noticed a greater mummy
 76891 | Tomb:1   | Killed a greater mummy
 76898 | Tomb:1   | Noticed a greater mummy
 76898 | Tomb:1   | Killed a greater mummy
 76899 | Tomb:1   | Noticed a greater mummy
 76900 | Tomb:1   | Killed a greater mummy
 76911 | Tomb:1   | Killed a greater mummy
 76921 | Tomb:1   | Killed a greater mummy
 77368 | Tomb:2   | Noticed Khufu
 77381 | Tomb:2   | Killed Khufu
 77685 | Tomb:3   | Entered Level 3 of the Tomb of the Ancients
 78260 | Tomb:3   | Found the +7 Kryia's mail coat {PotionHeal*2 rC+}
 78272 | Tomb:3   | Noticed a greater mummy
 78281 | Tomb:3   | Noticed an ancient lich
 78677 | Tomb:3   | Noticed a greater mummy
 78679 | Tomb:3   | Noticed a greater mummy
 78690 | Tomb:3   | Killed a greater mummy
 78700 | Tomb:3   | Killed a greater mummy
 78731 | Tomb:3   | Killed an ancient lich
 79094 | Tomb:3   | Noticed a greater mummy
 79104 | Tomb:3   | Killed a greater mummy
 79116 | Tomb:3   | Killed a greater mummy
 79312 | Tomb:3   | Got a faintly glowing ivory ring
 79316 | Tomb:3   | Identified the ring "Runafeb" {Fire MR+ Str+2} (You found it on level 3 of the Tomb of the Ancients)
 79326 | Tomb:3   | Identified the +1 plate armour "Ujolyetu" {rF+ rCorr} (You found it on level 3 of the Tomb of the Ancients)
 79339 | Tomb:3   | Got a faintly glowing trident
 79340 | Tomb:3   | Identified the cursed +0 trident "Newtbane" {protect, rPois rN+ Int+5} (You found it on level 3 of the Tomb of the Ancients)
 79470 | Tomb:3   | Identified the Incunabulum of Cold
 79474 | Tomb:3   | Identified the ring "Lipom" {rPois rC+ MR+} (You found it on level 3 of the Tomb of the Ancients)
 79476 | Tomb:3   | Identified the ring "Uczoisuh" {*Tele rPois rF- Str+6 Slay+3} (You found it on level 3 of the Tomb of the Ancients)
 79539 | Tomb:3   | Noticed a greater mummy
 79548 | Tomb:3   | Killed a greater mummy
 79584 | Tomb:3   | Noticed a greater mummy
 79591 | Tomb:3   | Killed a greater mummy
 79602 | Tomb:3   | Got a golden rune of Zot
 79604 | Tomb:3   | Noticed a greater mummy
 79627 | Tomb:3   | Killed a greater mummy
 79639 | Tomb:3   | Noticed a greater mummy
 79646 | Tomb:3   | Killed a greater mummy
 79752 | Tomb:3   | Identified Sif Muna's Papyrus of Bewitchment and the Voyage
 81082 | Pan      | Entered Pandemonium
 81357 | Pan      | Noticed Fur Bi Amie the pandemonium lord
 81387 | Pan      | Killed Fur Bi Amie the pandemonium lord
 81554 | Pan      | Found an exit through the horrors of the Abyss.
 82089 | Pan      | Found an exit through the horrors of the Abyss.
 82283 | Pan      | Noticed Puunopn the pandemonium lord
 82294 | Pan      | Killed Puunopn the pandemonium lord
 82536 | Pan      | Found an exit through the horrors of the Abyss.
 82558 | Pan      | Reached skill level 27 in Fighting
 83121 | Pan      | Got an ichor-stained buckler
 83139 | Pan      | Identified the +0 buckler of Patience {rC+ rN+ Regen+} (You took it off a cherub in Pandemonium)
 83350 | Pan      | Noticed a seraph
 83359 | Pan      | Killed a seraph
 83418 | Pan      | Got a transparent bronze ring
 83589 | Pan      | Found a glowing golden altar of the Shining One.
 83621 | Pan      | Got a demonic rune of Zot
 83637 | Pan      | Got smoking quicksilver dragon scales
 83658 | Pan      | Identified the quicksilver dragon scales of Valour {rC+ MR+ Regen+} (You found it in Pandemonium)
 83670 | Pan      | Got a fine buckler
 83681 | Pan      | Identified the +3 buckler of Aleilew {rPois Str+2} (You found it in Pandemonium)
 84355 | Pan      | Entered the realm of Mnoleg.
 84355 | Pan      | Noticed Mnoleg
 84362 | Pan      | Paralysed by a floating eye for 2 turns
 84370 | Pan      | Paralysed by a floating eye for 3 turns
 84374 | Pan      | Huge Dmg: 108 Dmg
 84860 | Pan      | Found an exit through the horrors of the Abyss.
 85839 | Pan      | Paralysed by a floating eye for 2 turns
 85849 | Pan      | Paralysed by a floating eye for 3 turns
 86294 | Pan      | Paralysed by a floating eye for 2 turns
 86805 | Pan      | Paralysed by a floating eye for 2 turns
 86814 | Pan      | Killed Mnoleg
 86991 | Pan      | Got a glowing rune of Zot
 87327 | Pan      | Huge Dmg: 66 Dmg
 87339 | Pan      | Noticed Vabigih the pandemonium lord
 87349 | Pan      | Killed Vabigih the pandemonium lord
 87860 | Pan      | Found an exit through the horrors of the Abyss.
 88413 | Pan      | Found an exit through the horrors of the Abyss.
 88417 | Pan      | Noticed Onorroc the pandemonium lord
 88434 | Pan      | Killed Onorroc the pandemonium lord
 89246 | Pan      | Found an exit through the horrors of the Abyss.
 89247 | Pan      | Huge Dmg: 56 Dmg
 89889 | Pan      | Entered the realm of Cerebov.
 89889 | Pan      | Found an exit through the horrors of the Abyss.
 90963 | Pan      | Noticed Cerebov
 90992 | Pan      | Killed Cerebov
 91044 | Pan      | Identified Isavvuax's Tome of Creative Changing
 91110 | Pan      | Got a fiery rune of Zot
 91344 | Pan      | Noticed Ukomneil the pandemonium lord
 91353 | Pan      | Killed Ukomneil the pandemonium lord
 91558 | Pan      | Huge Dmg: 51 Dmg
 92388 | Pan      | Entered the realm of Lom Lobon.
 92527 | Pan      | Noticed Lom Lobon
 92552 | Pan      | Killed Lom Lobon
 92569 | Pan      | Got a magical rune of Zot
 92737 | Pan      | Found an exit through the horrors of the Abyss.
 93120 | Pan      | Noticed Yrih Jawe the pandemonium lord
 93134 | Pan      | Killed Yrih Jawe the pandemonium lord
 93499 | Pan      | Found an exit through the horrors of the Abyss.
 93542 | Pan      | Noticed Noxzy the pandemonium lord
 93561 | Pan      | Killed Noxzy the pandemonium lord
 93900 | Pan      | Huge Dmg: 55 Dmg
 94486 | Pan      | Found an exit through the horrors of the Abyss.
 94755 | Pan      | Found an exit through the horrors of the Abyss.
 95130 | Pan      | Huge Dmg: 68 Dmg
 95144 | Pan      | Noticed Tochebor the pandemonium lord
 95146 | Pan      | Huge Dmg: 47 Dmg
 95149 | Pan      | Killed Tochebor the pandemonium lord
 95851 | Pan      | Found an exit through the horrors of the Abyss.
 96089 | Pan      | Noticed Noigg the pandemonium lord
 96209 | Pan      | Cast into level 5 of the Abyss (Noigg)
 96209 | Abyss:5  | Entered Level 5 of the Abyss
 96312 | Abyss:5  | Huge Dmg: 71 Dmg
 96321 | Abyss:5  | Got an abyssal rune of Zot
 96530 | Pan      | Escaped the Abyss
 97382 | Pan      | Noticed Roja the pandemonium lord
 97484 | Pan      | Killed Roja the pandemonium lord
 97510 | Pan      | Found an exit through the horrors of the Abyss.
 98249 | Pan      | Found an exit through the horrors of the Abyss.
 98724 | Pan      | Entered the realm of Gloorx Vloq.
 98815 | Pan      | Found an exit through the horrors of the Abyss.
 99704 | Pan      | Noticed Gloorx Vloq
 99719 | Pan      | Killed Gloorx Vloq
 99740 | Pan      | Got a dark rune of Zot
100093 | Pan      | Found an exit through the horrors of the Abyss.
100582 | Pan      | Found a huge runed gate.
100715 | Pan      | Noticed Boapuw the pandemonium lord
100737 | Pan      | Killed Boapuw the pandemonium lord
100785 | Pan      | Noticed Coludwut the pandemonium lord
100792 | Depths:3 | Escaped Pandemonium
101377 | Vaults:5 | Identified the -1 pair of boots of the Vanishing Hells {+Inv Str+3} (You found it on level 5 of the Vaults)
101399 | Vaults:5 | Identified the ring of the Everdark {rC+ MR+ Dex+3} (You took it off an angel in Pandemonium)
101400 | Vaults:5 | Identified the cursed scarf "Reonkege" {Regen+ Int+5 Stlth-} (You found it on level 5 of the Vaults)
101505 | Vaults:5 | Noticed an ancient lich
101518 | Vaults:5 | Killed an ancient lich
101659 | Vaults:5 | Noticed an ancient lich
101669 | Vaults:5 | Killed an ancient lich
101759 | Vaults:5 | Learned a level 2 spell: Blink
101764 | Vaults:5 | Learned a level 4 spell: Passage of Golubria
101768 | Vaults:5 | Learned a level 3 spell: Lesser Beckoning
101781 | Vaults:5 | Got a silver rune of Zot
101802 | Vaults:5 | Identified the Reference Book on Sinister Magic
102462 | Vaults:5 | Identified Kewk's Grimoire of Virous Ignition
102480 | Vaults:5 | Identified the Tome of Creative Hexes
102517 | Vaults:5 | Noticed an ancient lich
102533 | Vaults:5 | Killed an ancient lich
103335 | Hell     | Entered the Vestibule of Hell
103335 | Hell     | Noticed Geryon
103357 | Hell     | Found a gateway to the decaying netherworld of Tartarus.
103363 | Hell     | Noticed an ancient lich
103385 | Hell     | Killed an ancient lich
103431 | Hell     | Killed Geryon
103831 | Hell     | Found a gateway to the freezing wastes of Cocytus.
103991 | Hell     | Found a gateway to the Iron City of Dis.
104084 | Hell     | Found a gateway to the ashen valley of Gehenna.
104211 | Geh:1    | Entered Level 1 of Gehenna
105493 | Geh:7    | Entered Level 7 of Gehenna
106258 | Geh:7    | Noticed Asmodeus
106270 | Geh:7    | Killed Asmodeus
106321 | Geh:7    | Got an obsidian rune of Zot
106325 | Geh:7    | Identified the Tome of Creative Poison
106775 | Coc:1    | Entered Level 1 of Cocytus
107606 | Coc:7    | Entered Level 7 of Cocytus
108377 | Coc:7    | Noticed the Serpent of Hell
108387 | Coc:7    | Killed the Serpent of Hell
108702 | Coc:7    | Noticed Antaeus
108719 | Coc:7    | Killed Antaeus
108937 | Coc:7    | Got an icy rune of Zot
108948 | Coc:7    | Identified the Guide on the Voyage
108953 | Coc:7    | Identified the Incunabulum of Scorching Envenoming
109092 | Dis:1    | Entered Level 1 of the Iron City of Dis
109429 | Dis:1    | Huge Dmg: 78 Dmg
110628 | Dis:7    | Entered Level 7 of the Iron City of Dis
110758 | Dis:7    | Reached skill level 27 in Invocations
111440 | Dis:7    | Noticed Dispater
111443 | Dis:7    | Killed Dispater
111469 | Dis:7    | Got an iron rune of Zot
111817 | Tar:1    | Entered Level 1 of Tartarus
112199 | Tar:4    | Found a huge runed gate.
112199 | Tar:4    | Found a huge runed gate.
112199 | Tar:4    | Found a huge runed gate.
112199 | Tar:4    | Found a huge runed gate.
112199 | Tar:4    | Found a huge runed gate.
112199 | Tar:4    | Found a huge runed gate.
112199 | Tar:4    | Found a huge runed gate.
112199 | Tar:4    | Found a huge runed gate.
112199 | Tar:4    | Found a huge runed gate.
112216 | Tar:4    | Huge Dmg: 60 Dmg
112218 | Tar:4    | Huge Dmg: 48 Dmg
112235 | Tar:4    | Found a huge runed gate.
112235 | Tar:4    | Found a huge runed gate.
112235 | Tar:4    | Found a huge runed gate.
112235 | Tar:4    | Found a huge runed gate.
112719 | Tar:7    | Entered Level 7 of Tartarus
113102 | Tar:7    | Huge Dmg: 74 Dmg
113496 | Tar:7    | Noticed Ereshkigal
113548 | Tar:7    | Killed Ereshkigal
113548 | Tar:7    | Reached skill level 27 in Dodging
113565 | Tar:7    | Huge Dmg: 64 Dmg
113580 | Tar:7    | Huge Dmg: 55 Dmg
113669 | Tar:7    | Huge Dmg: 51 Dmg
113671 | Tar:7    | Huge Dmg: 17 Dmg
113727 | Tar:7    | Got a steaming silver amulet
113733 | Tar:7    | Got a bone rune of Zot
113759 | Tar:7    | Got a crude iron ring
113761 | Tar:7    | Identified the ring "Asum" {*Slow rF+ Int+4} (You found it on level 7 of Tartarus)
113765 | Tar:7    | Got a brightly glowing zirconium amulet
113766 | Tar:7    | Identified the amulet "Ecsi" {Gourm Str+3 Int+2} (You found it on level 7 of Tartarus)
113768 | Tar:7    | Identified the amulet "Duezepaar" {rElec rPois rC- Regen+ Dex+5} (You found it on level 7 of Tartarus)
114104 | Zot:1    | Entered Level 1 of the Realm of Zot
114293 | Zot:2    | Huge Dmg: 56 Dmg
115533 | Zot:5    | Entered Level 5 of the Realm of Zot
115716 | Zot:5    | Noticed an ancient lich
115854 | Zot:5    | Noticed an ancient lich
115870 | Zot:5    | Killed an ancient lich
115890 | Zot:5    | Noticed an orb of fire
115890 | Zot:5    | Noticed an ancient lich
115891 | Zot:5    | Noticed an orb of fire
115894 | Zot:5    | Killed an orb of fire
115895 | Zot:5    | Noticed an orb of fire
115896 | Zot:5    | Noticed an orb of fire
115900 | Zot:5    | Killed an ancient lich
115903 | Zot:5    | Killed an orb of fire
115904 | Zot:5    | Killed an orb of fire
115927 | Zot:5    | Killed an orb of fire
116136 | Zot:5    | Noticed an orb of fire
116139 | Zot:5    | Reached skill level 27 in Armour
116152 | Zot:5    | Killed an orb of fire
116173 | Zot:5    | Got the Orb of Zot
116532 | Depths:5 | Noticed Mofev the pandemonium lord
116721 | D:14     | Noticed Retem the pandemonium lord
116736 | D:14     | Killed Retem the pandemonium lord
116823 | D:10     | Noticed Poter the pandemonium lord
116967 | D:4      | Noticed Deonk the pandemonium lord
117090 | D:$      | Escaped with the Orb!

Vault maps used:
D:1:      minmay_arrival_diagonal_passages, grunt_decor_resistance
D:2:      uniq_jessica
D:3:      first_bread, minmay_bisected
D:4:      kennysheep_goblin_castle, dk_rats_in_the_wall, uniq_pikel
D:5:      basic_altar, serial_shops, shop, uniq_edmund
D:6:      minmay_temple_entry_enclosed_plants
D:7:      nemelex_altar_shiori
D:9:      erik_lair_dragon, hangedman_pestilent_swarm, minmay_stone_trees_small
D:11:     argonaut_augean_stables, orc_0_dummy, portal_ice_cave_entry_pillars_1,
          elyvilon_altar_4
D:12:     lightli_church_of_beogh
D:13:     hangedman_cross_veins, lightli_bailey_entry_fortress,
          kennysheep_generic_room_4
D:14:     hangedman_vaults_entry_quadrant_bands, minivault_24, uniq_agnes,
          uniq_azrael
D:15:     hangedman_depths_entry_civil_slaughter, special_room, basic_altar
Lair:2:   grunt_forest_stairs_clearing
Lair:3:   minmay_shoals_entry_centaurs
Lair:4:   cheibrodos_magma_flow, spider_nest_entry_funnel_web, nzn_random_ring,
          infiniplex_staircase_pool_2, serial_bayou_shore_b
Lair:5:   beast_lair_carwin_5, grunt_megastairs_3, infiniplex_staircase_pool,
          minmay_lair_oklob_chamber, lemuel_fruit_fields, lemuel_fruit_fields,
          serial_bayou_shore_b, lemuel_fruit_tree
Lair:6:   minmay_lair_end_frog_pond, minmay_slime_entry_jelly_boxes,
          lab_entry_generic, serial_bayou_pond_a, st_stairs_5
Shoals:1: uniq_josephine, uniq_louise
Shoals:2: uniq_polyphemus
Shoals:3: serial_shops, shop, shop, shop
Shoals:4: shoals_end_grunt_ice, shoal_ilsuiw, nicolae_shoals_kraken_party
Spider:1: lemuel_hornet_nest
Spider:2: uniq_arachne
Spider:3: nicolae_spider_nook
Spider:4: grunt_spider_rune_parallel, worms_lemuel, uniq_kirke
Slime:4:  nicolae_slime_phagocytosis
Orc:1:    basic_altar
Orc:2:    grunt_orc_community_town_hall, grunt_orc_community_big_house_1,
          grunt_orc_community_big_house_1, grunt_orc_community_house_1,
          grunt_orc_community_house_2, grunt_orc_community_house_3,
          grunt_orc_community_house_2, grunt_orc_community_house_3, uniq_erolcha
Elf:1:    elf_arrival_002, serial_shops, shop, hangedman_corner_corridor,
          grunt_megastairs_1
Elf:2:    serial_shops, nicolae_shop_statue_plus, minmay_misc_feat_pillars,
          amethyst_killhole
Elf:3:    minmay_elf_hall, st_stairs_5
Vaults:1: grunt_vaults_twisty, nicolae_vaults_arrows,
          hangedman_vaults_river_flow, v_misc_13, nicolae_vaults_network_s,
          ontoclasm_vaults_pinch, ontoclasm_vaults_ring_large,
          grunt_vaults_focal, serial_shops, shop_fountains
Vaults:2: v_pattern_1, kb_rosetta, nicolae_vaults_ring_of_whatevers,
          nicolae_vaults_asterisk, minmay_crypt_entry_skeletal_spiral,
          serial_shops, shop
Vaults:3: nicolae_vaults_halls_meeting, hangedman_vaults_nodes, v_misc_8,
          vaults_room_stairs_pillars, nicolae_vaults_diagonal_hallway_8,
          v_misc_23, nicolae_vaults_little_squares_5, vaults_mumra_chevron_long,
          grunt_vaults_hallway_long, grunt_vaults_hallway_short,
          vaults_room_large_hall, v_misc_31, nicolae_vaults_diagonal_hallway_7,
          serial_shops, shop, nicolae_trove_entry_diagonal, uniq_jorgrun
Vaults:4: vaults_dpeg_doors, hangedman_vaults_variations,
          ontoclasm_vaults_shuriken, v_rooms_1, v_misc_9,
          hangedman_vaults_unwind, v_pattern_5, v_misc_9,
          nicolae_vaults_murderbox, vaults_room_door_ring, serial_shops,
          nicolae_shop_competitors_out_of_business
Crypt:1:  roderic_lattice_octagonal_star, grunt_crypt_arrival_webbed
Crypt:2:  corner_web_ring
Crypt:3:  lightli_unholy_cathedral, uniq_xtahua
Tomb:2:   uniq_khufu
Depths:1: little_maze_vault, enter_ziggurat_e, serial_shops, shop, hell_entry,
          lemuel_flamethrower_3, uniq_bai_suzhen
Depths:2: minmay_the_grid_triangle_9x9_recursive_2, hangedman_decor_lopped,
          serial_shops, nicolae_shop_statue_plus, grunt_hell_entry_dis_mu,
          spider_trap
Depths:3: evilmike_makhleb_hellhole, grunt_pan_entry_in_and_out,
          roderic_serpentine_path, hell_entry, statue_in_the_mist_lemuel,
          grunt_ministairs_11, infiniplex_staircase_zigzag_1, minmay_shop_grove,
          uniq_mennas
Depths:4: hangedman_crystal_crosses_colossus, abyss_entry, hell_entry
Depths:5: evilmike_zot_entry_diamond, bh_walls_and_bars,
          pf_hell_entry_tar_spiral, grunt_megastairs_2, serial_bayou_shore_a,
          serial_bayou_shore_b
Dis:3:    hangedman_player_shredder
Dis:6:    hangedman_dis_decor_blocks_talon
Dis:7:    dis_grunt_layers
Geh:1:    grunt_megastairs_4
Geh:2:    lemuel_old_faithful
Geh:3:    nicolae_geh_fiery_graves
Geh:5:    lemuel_elevator
Geh:6:    gehenna_fire_generator
Geh:7:    geh_grunt
Coc:7:    coc_grunt_cove
Tar:4:    door_vault
Tar:7:    tar_minmay_river
Zot:2:    lemuel_firehouse, basic_stair_grate_trap
Zot:3:    gammafunk_sealed_arena, grunt_ministairs_4
Zot:5:    basic_stair_grate_trap
Abyss:5:  due_evilmike_abyss_rune_seething_liches,
          eino_small_chamber_without_monster
Pan:      rand_demon_2, grunt_pan_spiral, pan_blood_fountain, rand_demon_1,
          nicolae_pan_lom_lobonic_2, evilmike_mini_pan_3x3,
          nicolae_pan_door_chamber, lemuel_hellion_island,
          pan_blood_fountain_small, grunt_pan_spiral, evilmike_holy_pan,
          rand_demon_1, nicolae_pan_strange_glyphs, reaverb_pan_chaos_star,
          evilmike_mnoleg_eyes, rand_demon_4, nicolae_pan_cerebovesque_3,
          evilmike_mini_pan_other_thingy, nicolae_pan_cerebovesque_3,
          evilmike_mini_pan_corridor, rand_demon_9, cerebov_grunt,
          pan_blood_fountain_small, evilmike_mini_pan_thingy,
          nicolae_pan_sigil_uleosi, nicolae_pan_gloorx_vloqian_1,
          grunt_pan_in_and_out, pan_blood_fountain_small,
          nicolae_pan_glass_arcs, nicolae_pan_gloorx_vloqian_2,
          evilmike_mini_pan_other_thingy, nicolae_pan_cerebovesque_3,
          nicolae_pan_sigil_obb, nicolae_pan_double_arrow,
          nicolae_pan_lom_lobonic_3, lom_lobon, pan_blood_fountain_small,
          nicolae_pan_lom_lobonic_4, rand_demon_5, evilmike_mini_pan_T,
          nicolae_pan_strange_glyphs, nicolae_pan_mnolegish_1,
          evilmike_mini_pan_pillars, pan_blood_fountain_small,
          nicolae_pan_diamonds, regret_index_pan_draining_boxed,
          nicolae_pan_lom_lobonic_4, evilmike_mini_pan_layers,
          evilmike_mini_pan_branches, rand_demon_7, nicolae_pan_mnolegish_5,
          rand_demon_6, nicolae_pan_double_arrow, nicolae_pan_lom_lobonic_2,
          evilmike_mini_pan_diamond, rand_demon_4, evilmike_mini_pan_layers,
          pan_blood_fountain, rand_demon_5, nicolae_pan_cerebovesque_4,
          pan_disco_hall, evilmike_mini_pan_pillars,
          gloorx_vloq_grunt_torture_chamber, nicolae_pan_lom_lobonic_2,
          nicolae_pan_giant_door, rand_demon_6
Zig:10:   ziggurat_pillar_centre_dead_trees
Trove:    trove_simple
Bailey:   bailey_polearm_gnolls_kennysheep, bailey
IceCv:    ice_cave_statue_garden_chambered

Skill      XL: |  1  2  3  4  5  6  7  8  9 10 11 12 13 14 15 16 17 18 19 20 21 22 23 24 25 26 27 |
---------------+----------------------------------------------------------------------------------+-----
Unarmed Combat | 2 4 5 6 8 10 11 13 14 16 17 19 20 21 27 | 27.0
Fighting       | 2 4 5 6 8 10 11 13 14 15 17 18 19 20 27 | 27.0
Dodging        | 5 6 9 14 18 27 | 27.0
Armour         | 4 6 9 12 15 17 18 27 | 27.0
Invocations    | 3 8 10 12 14 15 27 | 27.0
Shields        | 6 9 11 13 15 26 | 26.2
Staves         | 6 12 | 12.0
Short Blades   | |  0.8
Stealth        | |  1.1
Evocations     | |  2.6

Action                   |  1- 3 |  4- 6 |  7- 9 | 10-12 | 13-15 | 16-18 | 19-21 | 22-24 | 25-27 || total
-------------------------+-------+-------+-------+-------+-------+-------+-------+-------+-------++-------
Melee: Unarmed           |   117 |   290 |   308 |   862 |  1414 |  1746 |  1540 |  1418 | 10354 || 18049
       Punch             |     1 |     3 |     8 |    19 |    15 |       |       |       |       ||    46
       Staff             |       |       |       |       |       |       |       |    95 |    33 ||   128
 Fire: Hand crossbow     |       |       |       |       |     2 |       |    16 |     5 |       ||    23
 Cast: Apportation       |       |       |       |       |    14 |       |       |       |       ||    14
Invok: Stomp             |       |       |     1 |    51 |   156 |    45 |    54 |    37 |    31 ||   375
       Line Pass         |       |       |     1 |     8 |     2 |    16 |    31 |    13 |    25 ||    96
       Grand Finale      |       |       |       |       |       |     1 |     5 |     4 |    25 ||    35
 Abil: Evoke Blink       |       |       |       |       |     3 |       |       |       |    11 ||    14
       Evoke Flight      |       |       |       |       |       |     6 |       |       |    12 ||    18
       Stop Flying       |       |       |       |       |       |     1 |       |       |     1 ||     2
Evoke: Wand              |       |     4 |    20 |    31 |    12 |     2 |     3 |    14 |     9 ||    95
  Use: Scroll            |     4 |     5 |     7 |     9 |    12 |    10 |     6 |    18 |    44 ||   115
       Potion            |     1 |     3 |     3 |     6 |       |     6 |     1 |     2 |    36 ||    58
 Stab: Sleeping          |     1 |       |       |       |       |       |       |       |       ||     1
       Confused          |       |       |     3 |     5 |     2 |     3 |    26 |     7 |     9 ||    55
       Paralysed         |       |       |       |    19 |    56 |    78 |   166 |   136 |   880 ||  1335
       Petrified         |       |       |       |       |     1 |       |       |       |       ||     1
       Invisible         |       |       |       |       |       |     1 |       |       |       ||     1
       Distracted        |       |       |       |       |       |       |       |       |     4 ||     4
  Eat: Chunk             |    18 |    41 |    26 |   134 |   235 |   213 |   162 |   180 |   362 ||  1371
       Royal jelly       |       |       |       |       |       |     2 |       |     2 |     7 ||    11
       Meat ration       |       |       |       |       |       |       |       |       |    12 ||    12
Armor: Leather armour    |    17 |       |       |       |       |       |       |       |       ||    17
       Chain mail        |    14 |       |       |       |       |       |       |       |       ||    14
       Plate armour      |    33 |   201 |   143 |   579 |   665 |   526 |   424 |   401 |    48 ||  3020
       Skin              |       |       |       |       |       |       |       |     1 |       ||     1
       Crystal plate arm |       |       |       |       |       |       |       |       |  2226 ||  2226
Dodge: Dodged            |    35 |    64 |    84 |   381 |   420 |   328 |   316 |   265 |  3166 ||  5059
Block: Buckler           |       |       |       |       |   254 |    26 |       |       |       ||   280
       Shield            |       |       |       |       |       |  1224 |  1055 |   850 |  4719 ||  7848
       Reflection        |       |       |       |       |       |    67 |    26 |       |       ||    93
       Large shield      |       |       |       |       |       |   218 |       |       |  3552 ||  3770
